 Dungeon Crawl Stone Soup version 0.30.0-11-gf55b779eaf (webtiles) character file.

Game seed: 17729217672927900954

6206 slphil the Fighter (level 11, -6/87 HPs)
             Began as a Djinni Fire Elementalist on May 16, 2023.
             Mangled by a seven-headed hydra (12 damage)
             ... on level 8 of the Dungeon.
             The game lasted 00:15:33 (7175 turns).

slphil the Fighter (Djinni Fire Elementalist)       Turns: 7175, Time: 00:15:35

Health: -6/87      AC:  6    Str:  7    XL:     11   Next: 14%
Gold:   463        EV: 16    Int: 22    God:
                   SH:  0    Dex: 19

rFire   + + .        b - staff of earth
rCold   x . .        (no shield)
rNeg    . . .        v - +1 steam dragon scales
rPois   ∞            (no helmet)
rElec   .            (no cloak)
rCorr   .            (no gloves)
SInv    .            (boots unavailable)
Will    +....        (no amulet)
Stlth   ++           u - +6 ring of dexterity
HPRegen 0.34/turn    (no ring)
MPRegen 0.00/turn

%: infuse magic (-7 HP)
@: flying
A: sickness immunity, fire resistance 2, cold vulnerability 1, float, innate
caster, HP casting, extra vitality 1
a: no special abilities


You were on level 8 of the Dungeon.
You visited 1 branch of the dungeon, and saw 8 of its levels.

You collected 463 gold pieces.

Inventory:

Hand Weapons
 a - a +3 scimitar
 f - a +0 rapier
 y - a +3 falchion
Missiles
 n - a throwing net
Armour
 k - a +0 robe
 v - +1 steam dragon scales (worn)
Magical Staves
 b - a staff of earth (weapon)
Jewellery
 u - a +6 ring of dexterity (left hand)
 C - a ring of fire
Scrolls
 d - 3 scrolls of fog {unknown}
 g - 3 scrolls of enchant armour
 h - 2 scrolls of immolation {unknown}
 l - 2 scrolls of vulnerability {unknown}
 p - 4 scrolls of amnesia
 r - 4 scrolls of identify
 s - a scroll of blinking {unknown}
 t - 3 scrolls of magic mapping
 E - 2 scrolls of teleportation {unknown}
 F - a scroll of noise {unknown}
Potions
 c - 4 potions of degeneration {unknown}
 e - a potion of invisibility {unknown}
 i - 2 potions of haste {unknown}
 j - 3 potions of curing {unknown}
 m - 3 potions of lignification {unknown}
 o - a potion of magic {unknown}
 q - 2 potions of heal wounds {unknown}
 w - a potion of attraction {unknown}
 x - 2 potions of might {unknown}
 z - a potion of resistance {unknown}
 A - a potion of flight {unknown}
 B - a potion of mutation {unknown}
 D - 2 potions of berserk rage {unknown}


   Skills:
 + Level 11.4 Fighting
 + Level 6.6 Dodging
 - Level 1.5 Stealth
 - Level 8.0 Spellcasting


You knew the following spells:

 Your Spells              Type           Power      Damage    Failure   Level
a - Foxfire               Conj/Fire      100%       2x1d9     1%          1
b - Scorch                Fire           88%        2d9       1%          2
c - Volatile Blastmotes   Fire/Tloc      88%        2d17      1%          3
d - Inner Flame           Hex/Fire       44%        N/A       1%          3
e - Flame Wave            Conj/Fire      44%        2d11      2%          4
f - Beastly Appendage     Tmut           88%        N/A       1%          1
g - Poisonous Vapours     Pois/Air       88%        N/A       1%          2
h - Stone Arrow           Conj/Erth      100%       3d13      1%          3
i - Animate Dead          Necr           44%        N/A       2%          4
j - Freezing Cloud        Conj/Ice/Air   22%        6-21      8%          5
Your spell library was empty.

Dungeon Overview and Level Annotations

Branches:
Dungeon (8/15)             Temple (0/1) D:5
   Lair: D:8-11

Altars:
Nemelex Xobeh

Shops:
D:2 [=

Annotations:
D:7 1 runed translucent door, Crazy Yiuf
D:8 3 runed translucent doors


Innate Abilities, Weirdness & Mutations

You are immune to sickness and miasma.
You are immune to poison.
Your flesh is very heat resistant. (rF++)
You are vulnerable to cold. (rC-)
You float through the air rather than walking.
You learn spells naturally, not from books.
Your magical power is your life essence.
You have superior vitality. (+4 MHP)


Message History

The seven-headed hydra bites you!
The seven-headed hydra closely misses you.
The seven-headed hydra bites you but does no damage.
The seven-headed hydra closely misses you.
The seven-headed hydra bites you! x3
A tengu conjurer comes into view.
It is wearing the ring "Inkulegy" {rPois rCorr}.
Okay, then.
The barbs in your skin will harm you if you move.
Continue?
Okay, then.
There are monsters nearby!
As you read the scroll labelled OFAABU QEGYPH, it crumbles to dust.
It is a scroll of enchant armour.
Your +0 steam dragon scales glow green for a moment.
You carefully extract the barbed spikes from your body.
The seven-headed hydra misses you.
The seven-headed hydra bites you but does no damage.
The seven-headed hydra bites you. The seven-headed hydra misses you.
The seven-headed hydra closely misses you.
The seven-headed hydra bites you but does no damage.
The seven-headed hydra completely misses you.
As you read the scroll labelled OLUSAO CAPT, it crumbles to dust.
It is a scroll of amnesia.
You feel forgetful for a moment. The seven-headed hydra bites you.
The seven-headed hydra bites you!
* * * LOW HITPOINT WARNING * * *
The seven-headed hydra misses you. x2
The seven-headed hydra completely misses you.
The seven-headed hydra bites you.
* * * LOW HITPOINT WARNING * * *
The seven-headed hydra misses you.
As you read the scroll labelled ABRECA DOIJI, it crumbles to dust.
It is a scroll of identify.
t - 3 scrolls of magic mapping The seven-headed hydra closely misses you.
The seven-headed hydra bites you!
* * * LOW HITPOINT WARNING * * *
The seven-headed hydra closely misses you.
The seven-headed hydra completely misses you.
The seven-headed hydra bites you!
You die...

.....#..####....##KTKc######.....
###..+####.#..#.##o5RH+... #.##.#
#....###...##.#.##YYFK#### #.##.#
#.#..'...###..#.##+##### #.#...
.....###...#.##.##.##### #.#...
#.#....###...#..#.## #.#...
#.####...###.#.#'## #.#... #.#
###...###..####.# #.#... #.#
##....###@DuCQ# #.#... #.#
#......#####.# #..... #.#
#.........### #..... #.####
#.....#.#...### #..... .....#
#.....##.#....### #.#... #.##.#
########.#......####.#... #.##.#
#.##.##.....†.#... #....###
#.......#####.....
#.[....############.#### #.#...


You could see a seven-headed hydra, a green ugly thing, a cyclops and a tengu
conjurer.

Vanquished Creatures
  Pikel (D:8)
  A manticore (D:8)
  Maggie (D:7)
  Prince Ribbit (D:6)
  Sigmund (D:3)
  6 yaks (D:6)
  4 steam dragons
  A water moccasin (D:7)
  An orc warrior (D:6)
  An ice beast (D:7)
  3 sky beasts
  A black bear (D:7)
  An ogre (D:3)
  3 centaurs
  2 lemures (D:8)
  A phantom (D:6)
  A kobold brigand (D:7)
  5 bullfrogs
  2 scorpions
  9 wights
  3 howler monkeys (D:3)
  3 jellies
  3 hounds
  A gnoll bouda (D:3)
  5 orc priests
  Terence (D:3)
  2 sleepcaps
  3 iguanas
  7 orc wizards
  29 gnolls
  8 adders
  A shadow imp (D:7)
  A white imp (D:8)
  An ufetubus (D:6)
  A dart slug (D:1)
  39 orcs
  4 ball pythons
  7 endoplasms
  A giant cockroach (D:2)
  3 goblins
  3 hobgoblins
  14 jackals
  7 kobolds
  4 quokkas
  4 bats
  3 frilled lizards
  4 rats
208 creatures vanquished.

Vanquished Creatures (collateral kills)
  2 foxfires (D:3)
2 creatures vanquished.

Vanquished Creatures (others)
  377 foxfires
377 creatures vanquished.

Grand Total: 587 creatures vanquished

Notes
Turn   | Place    | Note
-------+----------+-------------------------------------------
     0 | D:1      | slphil the Djinni Fire Elementalist began the quest for the
                  | Orb.
     0 | D:1      | slphil set off with the following spells memorised:
                  | Foxfire, Scorch, Volatile Blastmotes, Inner Flame, Flame
                  | Wave.
     0 | D:1      | Reached XP level 1. HP: 15/15 MP: 0/0
   243 | D:1      | Reached skill level 1 in Fighting
   243 | D:1      | Reached XP level 2. HP: 16/22 MP: 0/0
   617 | D:1      | Reached XP level 3. HP: 23/27 MP: 0/0
   617 | D:1      | Learned a level 1 spell: Beastly Appendage
  1011 | D:2      | Found Ycaesusch's Jewellery Emporium.
  1072 | D:2      | Reached skill level 2 in Fighting
  1116 | D:2      | Reached XP level 4. HP: 29/33 MP: 0/0
  1207 | D:2      | Found Nirrocse's Antique Armour Emporium.
  1247 | D:3      | Found a faded altar of an unknown god.
  1282 | D:3      | Noticed Terence
  1291 | D:3      | Killed Terence
  1356 | D:3      | Reached skill level 3 in Fighting
  1356 | D:3      | Reached XP level 5. HP: 35/40 MP: 0/0
  1356 | D:3      | Learned a level 2 spell: Poisonous Vapours
  1387 | D:3      | Reached XP level 6. HP: 36/46 MP: 0/0
  1532 | D:3      | Noticed Sigmund
  1565 | D:3      | Killed Sigmund
  1566 | D:3      | Reached skill level 4 in Fighting
  1566 | D:3      | Reached XP level 7. HP: 42/53 MP: 0/0
  1566 | D:3      | Learned a level 3 spell: Stone Arrow
  1637 | D:3      | Reached skill level 5 in Fighting
  1874 | D:3      | Reached skill level 5 in Spellcasting
  1887 | D:3      | Reached XP level 8. HP: 38/60 MP: 0/0
  2891 | D:4      | Reached skill level 6 in Fighting
  3495 | D:5      | Entered Level 5 of the Dungeon
  3900 | D:5      | Reached skill level 7 in Fighting
  3953 | D:5      | Found a staircase to the Ecumenical Temple.
  4085 | D:5      | Reached XP level 9. HP: 44/68 MP: 0/0
  4085 | D:5      | Learned a level 4 spell: Animate Dead
  4455 | D:6      | Noticed Prince Ribbit
  4459 | D:6      | Killed Prince Ribbit
  4522 | D:6      | Reached skill level 8 in Fighting
  5256 | D:6      | Reached skill level 9 in Fighting
  5265 | D:6      | Reached XP level 10. HP: 62/78 MP: 0/0
  5490 | D:6      | Reached skill level 10 in Fighting
  5722 | D:7      | Noticed Maggie
  6269 | D:7      | Killed Maggie
  6440 | D:7      | Found a runed translucent door.
  6441 | D:7      | Noticed Crazy Yiuf
  6620 | D:8      | Reached skill level 5 in Dodging
  6671 | D:8      | Found a sparkling altar of Nemelex Xobeh.
  6766 | D:8      | Noticed Pikel
  6770 | D:8      | Killed Pikel
  6771 | D:8      | Reached skill level 11 in Fighting
  6771 | D:8      | Reached XP level 11. HP: 75/87 MP: 0/0
  6771 | D:8      | Learned a level 5 spell: Freezing Cloud
  7055 | D:8      | Found a runed translucent door.
  7055 | D:8      | Noticed a manticore
  7056 | D:8      | Found a runed translucent door.
  7057 | D:8      | Found a runed translucent door.
  7165 | D:8      | Noticed a manticore
  7167 | D:8      | Noticed a seven-headed hydra
  7169 | D:8      | Killed a manticore
  7170 | D:8      | Noticed a green ugly thing
  7170 | D:8      | Noticed a cyclops
  7172 | D:8      | Identified the ring "Inkulegy" {rPois rCorr}
  7175 | D:8      | Mangled by a seven-headed hydra

Illustrated notes

Levels and vault maps discovered:
D:1:      sevenhm_arrival_forest_fort_large_2, layout_loops_ring
D:2:      layout_basic, serial_shops, shop, nicolae_shop_stone
D:3:      lemuel_castle_with_subvaults [lemuel_castle_interior_original],
          layout_loops_ring, hellmonk_ecumenical_altar_pennies_from_heaven,
          uniq_sigmund, uniq_terence
D:4:      layout_loops_ring
D:5:      layout_loops_ring, minmay_temple_entry_steel_oval,
          minmay_misc_feat_more_columns
D:6:      layout_cave_pools, chequers_serial_rivers_small_3, uniq_prince_ribbit1
D:7:      layout_rooms, uniq_maggie, uniq_crazy_yiuf_cottage
D:8:      minmay_the_grid_triangle_9x9_rhombus_thin
          [minmay_the_grid_triangle_9x9_fully_insulated_deathbox,
          minmay_the_grid_triangle_9x9_prize_special,
          minmay_the_grid_triangle_9x9_odd_lines,
          minmay_the_grid_triangle_9x9_corrupted_corridor], layout_loops_cross,
          amcnicky_altar_gilded, uniq_grum, uniq_pikel

Skill      XL: |  1  2  3  4  5  6  7  8  9 10 11 |
---------------+----------------------------------+-----
Fighting       | 1 2 3 4 5 7 9 11 | 11.4
Spellcasting   | 3 4 5 6 7 8 |  8.0
Dodging        | 5 6 |  6.6
Stealth        | |  1.5

Action                     |  1- 3 |  4- 6 |  7- 9 | 10-12 || total
---------------------------+-------+-------+-------+-------++-------
   Cast: Foxfire           |    40 |    40 |   129 |     2 ||   211
         Scorch            |    11 |     3 |    10 |     2 ||    26
         Stone Arrow       |       |       |   107 |    89 ||   196
    Use: Scroll            |       |       |       |     3 ||     3
 Armour: Robe              |     1 |       |     1 |       ||     2
         Steam dragon scal |       |       |     1 |     3 ||     4
  Dodge: Dodged            |     4 |     1 |     9 |    21 ||    35
